 Dungeon Crawl Stone Soup version 0.19.1-1-g22dce08 (webtiles) character file.

3721 M4edhros the Unseen (level 10, 0/58 HPs)
             Began as an Octopode Artificer on Dec 31, 2016.
             Slain by an orc warrior
             ... wielding a +0 war axe
              (14 damage)
             ... in a bailey.
             The game lasted 00:12:59 (7179 turns).

M4edhros the Unseen (Octopode Artificer)            Turns: 7179, Time: 00:13:00

Health: 0/58       AC:  1    Str: 11    XL:     10   Next: 14%
Magic:  15/15      EV: 14    Int: 14    God:
Gold:   139        SH:  0    Dex: 16    Spells: 0 memorised, 9 levels left

rFire  . . .     SeeInvis .     A - +2 rod of inaccuracy (2/16)
rCold  . . .     Gourm    .     (no shield)
rNeg   . . .     Faith    .     (helmet restricted)
rPois  .         Spirit   .     (no amulet)
rElec  .         Reflect  .     (no ring)
rCorr  .         Harm     .     (no ring)
MR     +....     Clarity  +     (no ring)
Stlth  +++++++...               (no ring)
                                (no ring)
                                (no ring)
                                (no ring)
                                (no ring)

@: exhausted, slowed, very slow
A: almost no armour, stealthy swim, amphibious, 8 rings, constrict 8, camouflage
1, clarity, low mp 1, magic resistance 1, gelatinous body 1
a: no special abilities


You were in a bailey.
You were near starving.

You visited 1 branch of the dungeon, and saw 7 of its levels.
You also visited: Bailey.

You collected 139 gold pieces.

Inventory:

Hand Weapons
 a - a +0 short sword
 B - a +4 flail of protection
Missiles
 v - 2 poisoned javelins (quivered)
Rods
 A - a +2 rod of inaccuracy (2/16) (in tentacle)
   (You took it off an orc on level 6 of the Dungeon)
Jewellery
 t - an uncursed ring of flight {unknown}
Wands
 b - a wand of flame (0/48)
 c - a wand of enslavement (10/24)
 d - a wand of random effects (5/48)
 h - a wand of slowing (25/48)
 n - a wand of teleportation (2/9)
 u - a wand of paralysis (0/24)
 w - a wand of flame (4/48)
Scrolls
 l - a scroll of teleportation
 p - 3 scrolls of remove curse
 C - a scroll of fear
Potions
 e - a potion of brilliance {unknown}
 q - a potion of agility
 E - a potion of ambrosia {unknown}
Books
 o - a book of Geomancy

   Spells                             Type                      Level
   a - Sandblast                      Earth                        1
   b - Passwall                       Transmutation/Earth          2
   c - Stone Arrow                    Conjuration/Earth            3
   d - Petrify                        Transmutation/Earth          4
   e - Lee's Rapid Deconstruction     Earth                        5
Miscellaneous
 j - a fan of gales
Comestibles
 f - a bread ration
 g - a beef jerky
 i - a fruit
 z - a slice of pizza


   Skills:
 - Level 1.0 Fighting
 - Level 1.0 Short Blades
 - Level 2.0 Dodging
 + Level 15.7 Stealth
 * Level 9.4 Evocations


You had 9 spell levels left.
You didn't know any spells.

Dungeon Overview and Level Annotations

Branches:
Dungeon (7/15)
 Temple: D:4-7

Altars:
Fedhas
Nemelex Xobeh
Ru
Trog
Vehumet

Annotations:
D:6 Grinder


Innate Abilities, Weirdness & Mutations

You cannot wear most types of armour.
You are very stealthy in the water. (Stealth+)
You are amphibious.
You can wear up to eight rings at the same time.
You can use your tentacles to constrict eight enemies at once.
Your skin changes colour to match your surroundings (Stealth+).
Your rubbery body absorbs attacks. (AC +1, EV +1)
You possess an exceptional clarity of mind.
Your magical capacity is low. (-10% MP)
You are resistant to hostile enchantments. (MR+)


Message History

You barely miss the goblin. Your grab misses the goblin.
The goblin is heavily wounded.
You clumsily bash the goblin but do no damage.
Your grab misses the goblin. You squeeze the goblin.
The goblin is severely wounded.
The goblin closely misses you.
You barely miss the orc warrior. Your grab misses the orc warrior.
The orc warrior hits you with a war axe!!
* * * LOW HITPOINT WARNING * * *
The goblin barely misses you.
You closely miss the orc warrior. You grab the orc warrior.
You squeeze the orc warrior!
The orc warrior is heavily wounded.
You are no longer berserk.
You are exhausted.
You feel yourself slow down.
You constrict the orc warrior, but do no damage.
The orc no longer looks unusually strong.
The orc warrior hits you with a war axe!
You die...

. .. ... ....
.⌠... #######
..)..g##.....##
....ogo@......#
.....##g......##
... #.........#
8 ##.........##
#.....⌠.....#
##.........##
#.....)...#
##....)..##
#.......#


You could see an orc warrior, an orc, a hobgoblin and 2 goblins.

Vanquished Creatures
  The ghost of cuckmaster the Grappler, a novice TrMo (D:6)
  2 orc knights (Bailey)
  The ghost of M4edhros the Sneak, an amateur OpAr (D:5)
  Edmund (D:6)
  2 orc warriors (Bailey)
  An ice beast (D:6)
  3 sky beasts
  4 ogres
  4 phantoms
  A bullfrog (D:5)
  A water moccasin skeleton (D:5)
  A scorpion (D:7)
  2 crimson imps
  2 hounds
  4 orc priests
  A centaur skeleton (D:4)
  3 orc wizards
  5 worker ants
  Jessica (D:3)
  5 gnolls (Bailey)
  11 adders
  An ooze (D:6)
  An adder zombie (D:7)
  An adder skeleton (D:4)
  3 worms
  4 leopard geckos
  28 orcs
  3 bats
  3 giant cockroaches
  13 goblins
  14 hobgoblins
  4 jackals (D:4)
  4 kobolds
  A quokka (D:6)
  2 ball pythons
  A frilled lizard (D:6)
  A quokka skeleton (D:4)
  A rat (D:3)
141 creatures vanquished.

Vanquished Creatures (collateral kills)
  An orc wizard (D:4)
  A goblin (Bailey)
  A hobgoblin (Bailey)
3 creatures vanquished.

Vanquished Creatures (others)
  A gnoll (Bailey)
1 creature vanquished.

Grand Total: 145 creatures vanquished

Notes
Turn   | Place    | Note
-------+----------+-------------------------------------------
     0 | D:1      | M4edhros the Octopode Artificer began the quest for the Orb.
     0 | D:1      | Reached XP level 1. HP: 13/13 MP: 3/3
    68 | D:1      | Reached skill level 2 in Stealth
   328 | D:2      | Reached XP level 2. HP: 18/18 MP: 4/4
   347 | D:2      | Reached skill level 3 in Stealth
   611 | D:3      | Noticed Jessica
   625 | D:3      | Reached skill level 4 in Stealth
   625 | D:3      | Reached XP level 3. HP: 20/23 MP: 5/5
   628 | D:3      | Killed Jessica
   628 | D:3      | Reached skill level 5 in Stealth
   653 | D:3      | Reached XP level 4. HP: 4/28 MP: 6/6
  1010 | D:4      | Noticed an ogre
  1172 | D:4      | Reached skill level 6 in Stealth
  1220 | D:4      | Reached XP level 5. HP: 31/33 MP: 7/7
  1222 | D:4      | Noticed a sky beast
  1234 | D:4      | Killed a sky beast
  1234 | D:4      | Reached skill level 8 in Stealth
  1281 | D:4      | Found a sacrificial altar of Ru.
  1343 | D:4      | Noticed a phantom
  1356 | D:4      | Killed a phantom
  1356 | D:4      | Reached skill level 9 in Stealth
  1356 | D:4      | Reached XP level 6. HP: 20/38 MP: 8/8
  1820 | D:4      | Reached skill level 10 in Stealth
  1820 | D:4      | Reached XP level 7. HP: 43/43 MP: 9/9
  2458 | D:5      | Entered Level 5 of the Dungeon
  2481 | D:5      | Noticed M4edhros's ghost (amateur OpAr)
  2494 | D:5      | Killed M4edhros's ghost
  2494 | D:5      | Reached skill level 11 in Stealth
  3056 | D:5      | Reached skill level 12 in Stealth
  3056 | D:5      | Reached XP level 8. HP: 45/48 MP: 10/10
  3444 | D:5      | Found a bloodstained altar of Trog.
  3691 | D:6      | Found a sparkling altar of Nemelex Xobeh.
  3704 | D:6      | Reached skill level 13 in Stealth
  3751 | D:6      | Noticed Grinder
  3798 | D:6      | Paralysed by Grinder for 7 turns
  4213 | D:6      | Reached skill level 14 in Stealth
  4260 | D:6      | Noticed cuckmaster's ghost (novice TrMo)
  4941 | D:5      | Identified a +0 rod of inaccuracy (14/14) (You took it off an orc on level 6 of the Dungeon)
  4942 | D:5      | just found rod of inaccuracy
  5012 | D:6      | Noticed Edmund
  5015 | D:6      | Killed Edmund
  5044 | D:6      | Found a blossoming altar of Fedhas.
  5070 | D:6      | Gained mutation: You are resistant to hostile enchantments. (MR+) [potion of mutation]
  5070 | D:6      | Gained mutation: You possess an exceptional clarity of mind. [potion of mutation]
  5070 | D:6      | Gained mutation: Your magical capacity is low. (-10% MP) [potion of mutation]
  5071 | D:6      | Identified a scroll of acquirement
  5074 | D:6      | Found a radiant altar of Vehumet.
  5210 | D:6      | Killed cuckmaster's ghost
  5210 | D:6      | Reached skill level 5 in Evocations
  5210 | D:6      | Reached XP level 9. HP: 28/53 MP: 9/12
  6361 | D:7      | Found a flagged portal.
  6369 | D:7      | Reached skill level 15 in Stealth
  6442 | Bailey   | Entered a bailey
  7158 | Bailey   | Noticed an orc knight
  7162 | Bailey   | Noticed an orc knight
  7162 | Bailey   | Killed an orc knight
  7162 | Bailey   | Reached XP level 10. HP: 58/58 MP: 13/14
  7170 | Bailey   | Killed an orc knight
  7179 | Bailey   | Slain by an orc warrior

Skill      XL: |  1  2  3  4  5  6  7  8  9 10 |
---------------+-------------------------------+-----
Stealth        | 2 4 5 6 9 10 12 14 15 | 15.7
Evocations     | 5 8 9 |  9.4
Fighting       | |  1.0
Short Blades   | |  1.0
Dodging        | |  2.0

Action                   |  1- 3 |  4- 6 |  7- 9 | 10-12 || total
-------------------------+-------+-------+-------+-------++-------
Melee: Short sword       |    47 |    23 |   116 |       ||   186
       Constrict         |    12 |     5 |    47 |     3 ||    67
       Tentacles         |     9 |     6 |    41 |     5 ||    61
       Flail             |       |       |   111 |       ||   111
Evoke: Wand              |     2 |    22 |    42 |       ||    66
       Rod               |       |       |    27 |     3 ||    30
       Fan of gales      |       |       |     1 |       ||     1
  Use: Scroll            |     1 |       |    15 |       ||    16
       Potion            |       |       |     6 |     1 ||     7
 Stab: Sleeping          |     4 |     4 |    13 |       ||    21
       Paralysed         |       |     2 |     6 |       ||     8
       Distracted        |       |       |     1 |       ||     1
  Eat: Chunk             |       |     2 |    14 |       ||    16
       Meat ration       |       |       |     1 |       ||     1
Armor: Skin              |    10 |       |    24 |       ||    34
Dodge: Dodged            |    35 |    14 |   170 |     5 ||   224
